 Dungeon Crawl Stone Soup version 0.28-a0-589-g333b8329f1 (webtiles) character file.

Game seed: 1330070256313788403

2454 jasper the Cruncher (level 9, -1/66 HPs)
             Began as a Demonspawn Cinder Acolyte on Oct 3, 2021.
             Was an Initiate of Ignis.
             Succumbed to a hornet's poison
             ... on level 8 of the Dungeon.
             The game lasted 00:15:00 (7419 turns).

jasper the Cruncher (Demonspawn Cinder Acolyte)     Turns: 7419, Time: 00:15:01

Health: -1/66      AC: 13    Str: 15    XL:     9   Next: 25%
Magic:  10/10      EV:  9    Int: 18    God:    Ignis [......]
Gold:   134        SH:  0    Dex:  9    Spells: 6/10 levels left

rFire   + . .      SeeInvis .   d - +0 halberd
rCold   . . .      Faith    .   (shield currently unavailable)
rNeg    . . .      Spirit   .   i - +0 scale mail
rPois   .          Reflect  .   (no helmet)
rElec   .          Harm     .   E - +0 cloak
rCorr   .          Rampage  .   z - +2 pair of gloves
Will    .....                   G - +0 pair of boots
Stlth   ..........              h - amulet of regeneration
HPRegen 1.21/turn               (no ring)
MPRegen 0.24/turn               (no ring)

@: lethally poisoned (-1 -> -8), slowed, very slow
A: talons 2, rugged brown scales 2, magic regeneration, bedeviling
a: Renounce Religion


You were on level 8 of the Dungeon.
You worshipped Ignis.
Ignis was noncommittal.
You visited 2 branches of the dungeon, and saw 9 of its levels.
You also visited: Ossuary.

You collected 356 gold pieces.
You spent 222 gold pieces at shops.

Inventory:

Hand Weapons
 a - a -1 vorpal spear
 d - a +0 halberd (weapon)
Missiles
 e - 195 stones
 r - 64 poisoned darts (quivered)
 H - 2 throwing nets
Armour
 b - a +0 robe
 c - a +0 leather armour
 i - a +0 scale mail (worn)
 k - a +1 pair of gloves
 z - a +2 pair of gloves (worn)
 E - a +0 cloak (worn)
 G - a +0 pair of boots (worn)
Magical Staves
 f - a staff of death
Jewellery
 h - an amulet of regeneration (around neck)
 v - an amulet of reflection
 x - an amulet of magic regeneration
 y - an amulet of the acrobat
 B - a ring of positive energy
Wands
 A - a wand of flame (18)
 J - a wand of acid (1)
Scrolls
 q - 3 scrolls of teleportation
 s - 3 scrolls of enchant armour
 t - a scroll of noise
 u - a scroll of fog
 w - 2 scrolls of brand weapon
 D - a scroll of immolation
 F - 2 scrolls of identify
 K - a scroll of blinking
Potions
 g - 6 potions of brilliance
 j - a potion of degeneration
 l - 5 potions of curing
 m - 2 potions of haste
 n - 3 potions of attraction
 o - 4 potions of heal wounds
 p - 2 potions of cancellation
 C - 2 potions of resistance {unknown}
 I - a potion of mutation {unknown}


   Skills:
 - Level 3.0 Fighting
 - Level 2.6(7.8) Polearms
 + Level 11.4(11.5) Staves
 - Level 1.0 Spellcasting
 - Level 2.6 Fire Magic


You had 6 spell levels left.
You knew the following spells:

 Your Spells              Type           Power      Damage    Failure   Level
a - Passwall              Tmut/Erth      0%         N/A       77%         2
b - Scorch                Fire           20%        2d6       38%         2

Your spell library contained the following spells:

 Spells                   Type           Power      Damage    Failure   Level
 Beastly Appendage        Tmut           0%         N/A       63%         1
 Pain                     Necr           0%         1d4       63%         1
 Sandblast                Erth           0%         2d4       63%         1
 Shock                    Conj/Air       0%         1d3       63%         1
 Corpse Rot               Necr/Air       N/A        N/A       77%         2
 Poisonous Vapours        Pois/Air       0%         N/A       77%         2
 Wereblood                Tmut           0%         N/A       77%         2
 Spider Form              Tmut/Pois      0%         N/A       94%         3
 Stone Arrow              Conj/Erth      0%         3d7       94%         3
 Swiftness                Air            0%         N/A       94%         3
 Airstrike                Air            0%         N/A       100%        4
 Summon Lightning Spire   Summ/Air       0%         N/A       100%        4
 Agony                    Necr           0%         N/A       100%        5
 Excruciating Wounds      Necr           0%         N/A       100%        5
 Lightning Bolt           Conj/Air       0%         1d11      100%        5


Dungeon Overview and Level Annotations

Branches:
Dungeon (8/15)             Temple (1/1) D:5         Ossuary (visited)
   Lair: D:8-11

Altars:
Ashenzari
Kikubaaqudgha
Makhleb
Zin

Shops:
D:5 (*


Innate Abilities, Weirdness & Mutations

You have razor-sharp toenails.
You are mostly covered in rugged brown scales. (AC +2, +5% HP)
You regenerate magic rapidly.
Your hexes are more powerful.


Message History

The hornet stings you.
You are more poisoned.
You feel as though you will be slow longer.
The hornet barely misses you.
You take 7 damage, and have 35/66 hp.
You closely miss the hornet.
The hornet is heavily wounded.
You feel very sick.
The howler monkey is no longer covered in acid.
The hornet is no longer covered in acid.
The howler monkey hoots and howls with incredible vigour!
The hornet barely misses you. The hornet stings you!
You are more poisoned.
You feel as though you will be slow longer.
You hear a loud, deep croak!
You hear an angry hiss.
You take 15 damage, and have 20/66 hp.
MASSIVE DAMAGE!!
Reach: d) +0 halberd
Press: ? - help, Dir - move target, p - hornet You can't see that place.
Okay, then.
Aiming: Corrosive Bolt
Press: ? - help, Shift-Dir - straight line, f/p - hornet
Aim: a hornet (heavily wounded, 57% to hit)
The bolt of acid hits the hornet.
The hornet is severely wounded.
The bolt of acid hits the howler monkey!
The acid corrodes the howler monkey!
You kill the howler monkey!
You feel extremely sick. The hornet stings you!
* * * LOW HITPOINT WARNING * * *
You feel as though you will be slow longer.
The hornet closely misses you.
You take 18 damage, and have 2/66 hp.
MASSIVE DAMAGE!!
Aiming: Corrosive Bolt
Press: ? - help, Shift-Dir - straight line, f/p - hornet
Aim: a hornet (severely wounded, 57% to hit)
The bolt of acid hits the hornet!
The acid corrodes the hornet!
The hornet is almost dead.
You die...

... ....(.( #.#
..h.... ... .......
#.# .......
#########.# ..(....
#.......#.# .......
#.......#.###.......
#.........@y........
#......(..###.......
#.........# #####..
#..(......#
#........<#
###........#####
..................
####........######
########.#


You could see a hornet (corroded).

Vanquished Creatures
  A wraith (Ossuary)
  Menkaure (D:7)
  A water moccasin (D:7)
  A black bear (D:7)
  4 necrophages
  3 ogres (D:5)
  A centaur (D:7)
  A phantom (D:5)
  2 bullfrogs
  A kobold brigand (D:7)
  A scorpion (D:7)
  A water moccasin zombie (D:7)
  A wyvern skeleton (D:7)
  2 howler monkeys (D:8)
  A bullfrog zombie (D:6)
  2 centaur zombies (D:7)
  A hound (D:5)
  3 jellies
  A bullfrog skeleton (D:7)
  2 orc priests
  A centaur skeleton (D:7)
  A gnoll shaman (D:3)
  2 orc wizards
  A hound zombie (D:3)
  4 hound skeletons
  4 mummies
  11 gnolls
  6 adders
  A white imp (D:6)
  An ufetubus (D:5)
  2 worms
  6 dart slugs
  13 orcs
  9 bats
  6 endoplasms
  3 giant cockroaches
  8 goblins
  3 hobgoblins (D:1)
  A ball python (D:2)
  A frilled lizard (D:2)
  A gnoll zombie (Ossuary)
  5 goblin zombies (Ossuary)
  14 kobolds
  4 kobold zombies
  An orc zombie (D:4)
  3 rats
143 creatures vanquished.

Vanquished Creatures (others)
  181 foxfires
181 creatures vanquished.

Grand Total: 324 creatures vanquished

Notes
Turn   | Place    | Note
-------+----------+-------------------------------------------
     0 | D:1      | jasper the Demonspawn Cinder Acolyte began the quest for
                  | the Orb.
     0 | D:1      | Reached XP level 1. HP: 18/18 MP: 2/2
   109 | D:1      | Reached skill level 1 in Staves
   249 | D:1      | Gained mutation: You are partially covered in rugged brown
                  | scales. (AC +1, +3% HP) [demonic ancestry]
   249 | D:1      | Reached XP level 2. HP: 16/24 MP: 3/3
   497 | D:1      | Reached skill level 2 in Staves
   688 | D:1      | Gained mutation: You regenerate magic rapidly. [demonic
                  | ancestry]
   688 | D:1      | Reached XP level 3. HP: 23/29 MP: 4/4
   838 | D:1      | Learned a level 3 spell: Swiftness
  1741 | D:2      | Reached skill level 3 in Staves
  2336 | D:2      | Gained mutation: You have sharp toenails. [demonic
                  | ancestry]
  2336 | D:2      | Reached XP level 4. HP: 36/36 MP: 5/5
  2372 | D:2      | Found a faded altar of an unknown god.
  2692 | D:3      | Reached skill level 4 in Staves
  2694 | D:3      | Gained mutation: You have razor-sharp toenails. [demonic
                  | ancestry]
  2694 | D:3      | Reached XP level 5. HP: 29/42 MP: 6/6
  3110 | D:3      | Reached skill level 5 in Staves
  3526 | D:4      | Found Zin's Purification Station.
  3540 | D:4      | Bought a potion of curing for 90 gold pieces
  3620 | D:4      | Reached XP level 6. HP: 40/48 MP: 7/7
  3623 | D:4      | Found a sand-covered staircase.
  3812 | Ossuary  | Entered an ossuary
  3812 | Ossuary  | Noticed a wraith
  3812 | Ossuary  | Noticed a wraith
  3812 | Ossuary  | Noticed a wraith
  4089 | Ossuary  | Noticed a wraith
  4099 | Ossuary  | Killed a wraith
  4100 | Ossuary  | Reached skill level 6 in Staves
  4715 | D:4      | Found an ancient bone altar of Kikubaaqudgha.
  4759 | D:4      | Found a broken altar of Ashenzari.
  5148 | D:5      | Entered Level 5 of the Dungeon
  5193 | D:5      | Reached XP level 7. HP: 53/53 MP: 8/8
  5265 | D:5      | Found a staircase to the Ecumenical Temple.
  5314 | D:5      | Reached skill level 7 in Staves
  5455 | D:5      | Found Kiylywit's Antique Weapon Shoppe.
  5486 | D:5      | Reached skill level 8 in Staves
  5728 | D:5      | Gained mutation: You are mostly covered in rugged brown
                  | scales. (AC +2, +5% HP) [demonic ancestry]
  5728 | D:5      | Reached XP level 8. HP: 46/60 MP: 9/9
  5906 | D:5      | Found Engupl Udau's General Store.
  5914 | D:5      | Bought a potion of heal wounds for 55 gold pieces
  5914 | D:5      | Bought a potion of heal wounds for 55 gold pieces
  5914 | D:5      | Bought a scroll of identify for 22 gold pieces
  6144 | D:5      | Learned a level 2 spell: Passwall
  6147 | D:5      | Learned a level 2 spell: Scorch
  6203 | Temple   | Entered the Ecumenical Temple
  6362 | D:6      | Reached skill level 9 in Staves
  6698 | D:7      | Reached skill level 10 in Staves
  6880 | D:7      | Gained mutation: Your hexes are more powerful. [demonic
                  | ancestry]
  6880 | D:7      | Reached XP level 9. HP: 66/66 MP: 10/10
  6964 | D:7      | Noticed Menkaure
  6974 | D:7      | Killed Menkaure
  6991 | D:7      | Found a burning altar of Makhleb.
  6995 | D:7      | Noticed a cacodemon
  7094 | D:7      | Reached skill level 11 in Staves
  7418 | D:8      | HP: 2/66 [hornet (13)]
  7419 | D:8      | Succumbed to a hornet's poison

Illustrated notes

Levels and vault maps discovered:
D:1:      minmay_arrival_split_and_join, layout_basic
D:2:      layout_basic, chequers_ecumenical_altar_island
D:3:      layout_basic
D:4:      layout_cave_pods, mainiacjoe_overflow_alcove_2, lemuel_doored_altar,
          zin_purify, nicolae_ossuary_entry_giza
D:5:      layout_basic, temple_statues, serial_shops,
          nicolae_shop_overgrown_old_shop, nicolae_shop_crystal,
          minmay_misc_feat_enclosed
D:6:      layout_basic
D:7:      layout_rooms, makhleb_altar_promises_db, grunt_ministairs_9,
          uniq_menkaure
D:8:      layout_basic, dpeg_lair_monsters
Temple:   dpeg_five_rooms_temple

Skill      XL: |  1  2  3  4  5  6  7  8  9 |
---------------+----------------------------+-----
Staves         | 1 2 3 4 5 6 8 10 11 | 11.4
Fighting       | |  3.0
Polearms       | |  2.6
Spellcasting   | |  1.0
Fire Magic     | |  2.6

Action                   |  1- 3 |  4- 6 |  7- 9 || total
-------------------------+-------+-------+-------++-------
Melee: Spear             |   135 |    11 |       ||   146
       Halberd           |       |   157 |   301 ||   458
       Kick              |       |    22 |    16 ||    38
       Staff             |       |       |    20 ||    20
Throw: Stone             |    26 |    19 |       ||    45
       Dart              |       |    21 |    47 ||    68
Invok: Foxfire Swarm     |       |    11 |       ||    11
Evoke: Wand              |       |       |     9 ||     9
  Use: Scroll            |       |    17 |     2 ||    19
       Potion            |       |       |     6 ||     6
Armor: Leather armour    |    28 |    19 |       ||    47
       Scale mail        |       |    64 |   192 ||   256
       Skin              |       |       |    60 ||    60
Dodge: Dodged            |    39 |    97 |   170 ||   306

Table legend: (Time is in decaauts)
 A = Elapsed time spent in this place.
 B = Non-inter-level travel time spent in this place.
 C = Inter-level travel time spent in this place.
 D = Time resting spent in this place.
 E = Time spent auto-exploring this place.
 F = Levels seen in this place.
 G = Mean time per level.
                   A        B        C        D        E       F      G
               +--------+--------+--------+--------+--------+-----+--------+
         Total |   7494 |   7270 |    224 |    508 |   4999 |  10 |  749.4 |
       Dungeon |   6875 |   6651 |    224 |    505 |   4628 |   8 |  859.4 |
        Temple |      1 |      1 |      0 |      0 |      0 |   1 |    1.0 |
       Ossuary |    617 |    617 |      0 |      3 |    371 |   1 |  617.0 |
               +--------+--------+--------+--------+--------+-----+--------+

Top non-repeatable levels by time:
     D:1: 1570 daAuts
     D:5: 1125 daAuts
     D:2: 1089 daAuts
     D:4: 1047 daAuts
     D:3: 869 daAuts
     D:7: 699 daAuts
 Ossuary: 617 daAuts
     D:6: 422 daAuts
     D:8: 50 daAuts
  Temple: 1 daAuts
